 Dungeon Sprint DCSS version 0.19.1 (webtiles) character file.

6930 StormySan the Brawler (level 10, 0/111 HPs)
             Began as a Troll Berserker on Dec 7, 2016.
             Was a Priest of Trog.
             Slain by a lorocyproca (24 damage)
             ... in the Dungeon (Sprint I: "Red Sonja").
             The game lasted 00:12:50 (1091 turns).

StormySan the Brawler (Troll Berserker)             Turns: 1091, Time: 00:12:51

Health: 0/111      AC:  4    Str: 29    XL:     10   Next: 80%
Magic:  1/9        EV: 10    Int:  2    God:    Trog [***...]
Gold:   469        SH:  0    Dex:  9    Spells: 0 memorised, 9 levels left

rFire  . . .     SeeInvis .       - Unarmed
rCold  + . .     Gourm    +     a - +0 animal skin
rNeg   + . .     Faith    .     (no shield)
rPois  +         Spirit   .     (helmet restricted)
rElec  .         Reflect  .     (no cloak)
rCorr  .         Harm     .     (gloves unavailable)
MR     .....     Rnd*Rage +     (boots unavailable)
Stlth  +......... NoTele   +    (no amulet)
                                m - ring of positive energy
                                j - ring of poison resistance

@: no status effects
A: unfitting armour, claws 3, berserk 1, blurry vision 1, cold resistance 1,
deformed body, deterioration 1, dopey 1, fast metabolism 3, frail 1, gourmand,
regeneration 1, screaming 1, shaggy fur 1, tough skin 2, no device heal 1,
subdued magic 2, MP-powered wands
a: Berserk, Trog's Hand, Burn Spellbooks, Renounce Religion


You were in the Dungeon.
You worshipped Trog.
Trog was most pleased with you.
You were not hungry.

You visited 1 branch You collected 949 gold pieces.
You spent 480 gold pieces at shops.

Inventory:

Hand Weapons
 n - a +1 antimagic battleaxe
Missiles
 c - 4 curare-tipped needles
 l - 7 exploding tomahawks (quivered)
Armour
 a - a +0 animal skin (worn)
Jewellery
 j - a ring of poison resistance (left claw)
 m - a ring of positive energy (right claw)
Wands
 o - a wand of acid (8/15)
Scrolls
 h - a scroll of blinking
 i - 2 scrolls of magic mapping {unknown}
 k - a scroll of remove curse {unknown}
 q - a scroll of fog {unknown}
 r - a scroll of enchant armour {unknown}
Potions
 d - 2 potions of curing
 e - a potion of haste
 f - 2 potions of magic
 g - a potion of berserk rage
 p - a potion of degeneration {unknown}


   Skills:
 + Level 15.2 Fighting
 - Level 2.4 Dodging
 + Level 17.6 Unarmed Combat


You had 9 spell levels left.
You didn't know any spells.

Dungeon Overview and Level Annotations

Branches:
Dungeon (1/1)

Altars:
Cheibriados
Dithmenos
Elyvilon
Fedhas
Gozag
Hepliaklqana
Kikubaaqudgha
Makhleb
Nemelex Xobeh
Okawaru
Qazlal
Ru
Sif Muna
Trog
Uskayaw
Vehumet
Xom
Yredelemnul
Zin
The Shining One
Jiyva
Lugonu

Shops:
D :[[[}=[

Annotations:
D exclusion: oklob plant


Innate Abilities, Weirdness & Mutations

You are too large for most types of armour.
You have claws for hands.
Your metabolism is lightning-fast.
You like to eat raw meat.
Your natural rate of healing is unusually fast.
You are covered in fur. (AC +1)
You have very tough skin. (AC +2)
You tend to lose your temper in combat.
Scrolls take you a little longer to read.
Your flesh is cold resistant. (rC+)
Armour fits poorly on your strangely shaped body.
Your body sometimes deteriorates upon taking damage.
You are dopey. (Int -2)
You are frail. (-10% HP)
You occasionally shout uncontrollably at your foes.
Potions and wands are less effective at restoring your health.
Your spells are easier to cast, but less powerful.
You expend magic power (3 MP) to strengthen your wands.


Message History

Your ogre appears confused.
As you close the door, it creaks loudly!
Something unseen opens the door.
You close the door.
Something unseen opens the door.
Something hits you!!
There is an open door, spattered with blood here.
You miss something. Something hits you!!
You mangle something!! You claw something.
Your ogre is engulfed in noxious fumes.
Your ogre appears confused.
Something hits you!!!
* * * LOW HITPOINT WARNING * * *
Your ogre is engulfed in noxious fumes.
Your ogre appears confused.
Your ogre is engulfed in noxious fumes.
Your ogre appears confused.
Something is blocking the doorway!
Your ogre is engulfed in noxious fumes.
Your ogre appears confused.
Something hits you!!
You die...

################
..#__#.†')..#.(#
..'..'.†#)..##'#
#'#__####...'..# ##
#[####§.#####..+ #+#$###
#.#≈§§§.#..##)####^.$#y#
(.§§§§§.§..#....@#..$###
._#≈§§§§#.§#..§§^§§§§$$#
#+##'#####+###§§§#§§...#
# #.[..###P+ #.§O###++##
####'###)### #^^##
.'.....'.∩# #^.#
.########## ##+# ### #.#


You could see a friendly ogre (berserk).

Vanquished Creatures
  8 shining eyes (D)
  2 kobold demonologists (D)
  3 demonic crawlers (D)
  A hornet (D)
  A slime creature (D)
  Sigmund (D)
  A yak (D)
  5 floating eyes (D)
  An ogre (D)
  A jelly (D)
  Ijyb (D)
  A ballistomycete (D)
26 creatures vanquished.

Vanquished Creatures (collateral kills)
  2 centaur warriors (D)
  A deep troll (D)
  A gargoyle (D)
  A demonic crawler (D)
5 creatures vanquished.

Vanquished Creatures (others)
  Sonja (D)
  A gargoyle (D)
  2 ballistomycete spores (D)
4 creatures vanquished.

Grand Total: 35 creatures vanquished

Notes
Turn   | Place    | Note
-------+----------+-------------------------------------------
     0 | D        | StormySan the Troll Berserker began the quest for the Orb.
     0 | D        | Reached XP level 1. HP: 22/22 MP: 0/0
     1 | D        | Noticed Ijyb
    13 | D        | Killed Ijyb
    13 | D        | Reached skill level 5 in Unarmed Combat
    13 | D        | Reached XP level 2. HP: 25/32 MP: 1/1
    26 | D        | Noticed an ogre
    32 | D        | Killed an ogre
    32 | D        | Reached skill level 5 in Fighting
    32 | D        | Reached skill level 7 in Unarmed Combat
    32 | D        | Reached XP level 3. HP: 15/44 MP: 2/2
    32 | D        | Reached XP level 4. HP: 18/52 MP: 3/3
    92 | D        | Noticed Sigmund
    96 | D        | Killed Sigmund
    96 | D        | Reached ** piety under Trog
    96 | D        | Reached skill level 9 in Unarmed Combat
    96 | D        | Reached XP level 5. HP: 63/63 MP: 4/4
    96 | D        | Reached XP level 6. HP: 72/72 MP: 5/5
   154 | D        | Found a deep blue altar of Sif Muna.
   156 | D        | Found a radiant altar of Vehumet.
   171 | D        | Noticed Sonja
   186 | D        | Killed Sonja
   186 | D        | Reached skill level 10 in Fighting
   186 | D        | Reached skill level 11 in Unarmed Combat
   186 | D        | Reached XP level 7. HP: 50/85 MP: 6/6
   218 | D        | Found Plog's Armour Emporium.
   218 | D        | Found an ancient bone altar of Kikubaaqudgha.
   218 | D        | Found a hazy altar of Hepliaklqana.
   218 | D        | Found a stormy altar of Qazlal.
   218 | D        | Found a hide-covered altar of Uskayaw.
   218 | D        | Found a blossoming altar of Fedhas.
   218 | D        | Found a bloodstained altar of Trog.
   218 | D        | Found an iron altar of Okawaru.
   218 | D        | Found a basalt altar of Yredelemnul.
   218 | D        | Found a glowing golden altar of the Shining One.
   218 | D        | Found a snail-covered altar of Cheibriados.
   218 | D        | Found a sacrificial altar of Ru.
   218 | D        | Found a glowing silver altar of Zin.
   218 | D        | Found a shadowy altar of Dithmenos.
   218 | D        | Found a white marble altar of Elyvilon.
   218 | D        | Noticed a yak
   219 | D        | Found an opulent altar of Gozag.
   223 | D        | Killed a yak
   223 | D        | Reached skill level 12 in Unarmed Combat
   224 | D        | Found a sparkling altar of Nemelex Xobeh.
   262 | D        | Found Ezxiar's Book Boutique.
   290 | D        | Killed a gargoyle
   498 | D        | Noticed a shining eye
   498 | D        | Noticed a shining eye
   498 | D        | Noticed a shining eye
   498 | D        | Noticed a shining eye
   498 | D        | Noticed a shining eye
   498 | D        | Noticed a shining eye
   498 | D        | Gained mutation: You tend to lose your temper in combat. [a shining eye]
   500 | D        | Paralysed by a floating eye for 3 turns
   505 | D        | Gained mutation: You are frail. (-10% HP) [a shining eye]
   510 | D        | Reached *** piety under Trog
   510 | D        | Reached XP level 8. HP: 86/86 MP: 7/7
   512 | D        | Killed a shining eye
   512 | D        | Reached skill level 13 in Unarmed Combat
   517 | D        | Killed a shining eye
   517 | D        | Reached **** piety under Trog
   517 | D        | Reached skill level 14 in Unarmed Combat
   517 | D        | Gained mutation: You expend magic power (3 MP) to strengthen your wands. [a shining eye]
   518 | D        | Gained mutation: Your spells are a little easier to cast, but a little less powerful. [a shining eye]
   519 | D        | Killed a shining eye
   519 | D        | Reached XP level 9. HP: 96/96 MP: 8/8
   520 | D        | Gained mutation: Your flesh is cold resistant. (rC+) [a shining eye]
   523 | D        | Killed a shining eye
   523 | D        | Received a gift from Trog
   523 | D        | Gained mutation: Your body sometimes deteriorates upon taking damage. [a shining eye]
   525 | D        | Killed a shining eye
   525 | D        | Reached skill level 15 in Unarmed Combat
   525 | D        | Gained mutation: You occasionally shout uncontrollably at your foes. [a shining eye]
   526 | D        | Noticed a shining eye
   526 | D        | Noticed a shining eye
   526 | D        | Gained mutation: Your spells are easier to cast, but less powerful. [a shining eye]
   527 | D        | Gained mutation: You are dopey. (Int -2) [a shining eye]
   531 | D        | Paralysed by a floating eye for 2 turns
   534 | D        | Killed a shining eye
   534 | D        | Gained mutation: Potions and wands are less effective at restoring your health. [a shining eye]
   536 | D        | Reached ***** piety under Trog
   536 | D        | Gained mutation: Armour fits poorly on your strangely shaped body. [a shining eye]
   537 | D        | Killed a shining eye
   539 | D        | Gained mutation: Scrolls take you a little longer to read. [a shining eye]
   541 | D        | Killed a shining eye
   541 | D        | Reached skill level 16 in Unarmed Combat
   541 | D        | Reached XP level 10. HP: 108/108 MP: 9/9
   587 | D        | Found Fiwnoaro's Gadget Shop.
   587 | D        | Found Vesawun's Armour Shoppe.
   587 | D        | Found Kyolegug's Jewellery Boutique.
   587 | D        | Found Witauly's Antique Armour Emporium.
   606 | D        | Bought an uncursed ring of poison resistance for 240 gold pieces
   606 | D        | Bought an uncursed ring of positive energy for 240 gold pieces
   634 | D        | Found a viscous altar of Jiyva.
   634 | D        | Found a corrupted altar of Lugonu.
   635 | D        | Found a burning altar of Makhleb.
   635 | D        | Found a shimmering altar of Xom.
   658 | D        | Noticed a rust devil
   658 | D        | Received a gift from Trog
   702 | D        | Noticed a centaur warrior
   703 | D        | Noticed a centaur warrior
   704 | D        | Killed a centaur warrior
   704 | D        | Killed a centaur warrior
   704 | D        | Reached skill level 17 in Unarmed Combat
   857 | D        | Noticed an oklob plant
   866 | D        | Noticed a deep troll
   872 | D        | Killed a deep troll
   888 | D        | Found Xizuesk's Armour Emporium.
   934 | D        | Reached skill level 15 in Fighting
  1065 | D        | Noticed a gargoyle
  1069 | D        | Killed a gargoyle
  1091 | D        | Slain by a lorocyproca

Skill      XL: |  1  2  3  4  5  6  7  8  9 10 |
---------------+-------------------------------+-----
Fighting       | 4 5 7 10 12 13 15 | 15.2
Unarmed Combat | 5 7 9 11 12 14 16 17 | 17.6
Dodging        | |  2.4

Action                   |  1- 3 |  4- 6 |  7- 9 | 10-12 || total
-------------------------+-------+-------+-------+-------++-------
Melee: Unarmed           |    16 |    14 |    34 |    22 ||    86
       Punch             |       |     1 |     4 |     4 ||     9
Invok: Berserk           |       |     2 |     1 |     2 ||     5
       Trog's Hand       |       |     1 |     1 |     3 ||     5
       Brothers in Arms  |       |       |       |     6 ||     6
  Use: Potion            |       |     2 |       |     1 ||     3
  Eat: Chunk             |       |     1 |     3 |     5 ||     9
       Bread ration      |       |       |       |     2 ||     2
Armor: Animal skin       |     3 |     1 |       |     5 ||     9
Dodge: Dodged            |     6 |    16 |     3 |    15 ||    40
